Map: Frozen Temple

Players

Keskorian - Winner!

  • Race: Terran Terran

Gracz

  • Race: Terran Terran
  • League: Silver

VOD

Have the link to the VOD?

Description

Time

  • Played on: Oct. 8, 2016, 1:31 p.m.
  • Length: 10:06
Show
View Real Time Build Order
Export as new Build Order

Keskorian Terran - Winner!

Build Orders:  

Get SALT Encoding   

  12  0:01  SCV  
  13  0:13  SCV  
  14  0:20  Supply Depot  
  14  0:25  SCV  
  15  0:30  Refinery  
  15  0:42  SCV  
  16  0:48  Barracks  
  16  0:54  SCV  
  17  1:06  SCV  
  18  1:34  Command Center  
  18  1:35  SCV  
  18  1:39  Marine  
  20  1:50  Factory  
  20  1:52  SCV  
  21  1:57  Marine  
  22  2:08  Supply Depot, Refinery  
  22  2:10  SCV  
  23  2:18  Barracks Reactor  
  23  2:29  SCV  
  24  2:31  Barracks  
  24  2:36  Factory Tech Lab  
  24  2:49  SCV  
  25  2:54  Factory  
  25  3:01  SCV  
  25  3:28  Barracks Reactor  
  25  3:33  Siege Tank  
  28  3:34  Marine  
  28  3:35  Marine  
  29  3:52  Marine  
  29  3:53  Marine  
  19  4:10  Marine  
  19  4:11  Marine  
  19  4:26  Siege Tank  
  19  4:28  Marine x2  
  24  4:50  Marine x2  
  26  5:08  Marine x2  
  28  5:19  Marine x2  
  28  5:36  Marine  
  28  5:37  Marine  
  30  5:48  Marine x2  
  32  6:06  Marine x2  
  30  8:14  Marine  
  30  8:15  Marine  
  30  8:16  Orbital Command  
  30  8:18  Marine  
  30  8:19  Marine  
  34  8:32  Marine x2  
  36  8:36  Marine  
  36  8:37  Marine  
  38  9:05  Supply Depot  
  38  9:07  Supply Depot  
  38  9:27  Marine x4  
  45  9:45  Marine x4  
  49  9:46  Factory Tech Lab  
Show
View Real Time Build Order
Export as new Build Order

Gracz Terran 

Build Orders:  

Get SALT Encoding   

  12  0:10  SCV  
  13  0:22  SCV  
  14  0:34  SCV  
  15  0:43  Supply Depot x2  
  15  1:10  Barracks  
  15  1:11  Barracks  
  15  1:13  SCV  
  16  1:25  SCV  
  17  1:42  SCV  
  18  1:52  Barracks  
  18  1:56  Refinery, SCV  
  19  2:03  Marine x2  
  21  2:19  Supply Depot  
  21  2:21  Marine x2  
  23  2:38  Marine  
  23  2:42  Marine  
  23  2:43  Marine  
  26  2:56  Marine  
  27  3:00  Marine  
  27  3:01  Marine  
  29  3:07  Bunker  
  29  3:14  Marine  
  29  3:18  Marine x2  
  31  3:32  Marine  
  32  3:36  Marine  
  33  3:48  Bunker  
  22  4:27  Marine x3  
  25  4:40  Bunker  
  25  4:44  Bunker  
  25  4:45  Marine x3  
  28  4:54  SCV  
  28  4:55  Factory  
  29  5:03  Marine x3  
  29  5:06  SCV  
  32  5:21  Marine x3  
  24  5:38  Marine  
  24  5:39  Marine x2  
  24  5:41  Ghost Academy  
  27  5:46  Ghost Academy  
  27  5:58  Barracks Tech Lab  
  27  5:59  Barracks Tech Lab  
  27  6:00  Barracks Tech Lab  
  21  6:32  Supply Depot  
  21  6:33  Factory Tech Lab  
  21  6:35  Supply Depot  
  21  6:42  Orbital Command  
  21  6:49  Ghost  
  21  6:53  Command Center  
  23  6:55  Supply Depot  
  6  8:02  Widow Mine  
  8  8:12  SCV  
  9  8:24  SCV  
  10  8:36  SCV  
  9  8:48  SCV  
  10  8:57  Ghost Academy  
  10  9:00  SCV  
  11  9:03  Refinery  
  11  9:12  SCV  
  12  9:24  SCV  
  13  9:37  SCV  
  14  9:49  SCV  
Tags
 
Add a new tag
Caveats
  • Supply blocks, unpowered buildings, or Contaminate may cause inaccurate times.
  • Supply counts are checked every 10 seconds.